 Dungeon Crawl Stone Soup version 0.25-a0-504-g768f60da87 (webtiles) character file.

Game seed: 2456382893012643024, levelgen mode: deterministic

117 Erk the Charmwright (level 5, -7/43 HPs)
             Began as a Gnoll Skald on Feb 14, 2020.
             Was an Initiate of Ashenzari.
             Mangled by a worm (16 damage)
             ... on level 2 of the Dungeon.
             The game lasted 00:06:01 (1752 turns).

Erk the Charmwright (Gnoll Skald)                   Turns: 1752, Time: 00:06:01

Health: -7/43      AC:  3    Str: 15    XL:     5   Next: 1%
Magic:  10/21      EV: 14    Int: 15    God:    Ashenzari [......]
Gold:   124        SH:  0    Dex: 14    Spells: 13/14 levels left

rFire    . . .     SeeInvis .   j - +2 dagger (speed) (curse)
rCold    . . .     Gourm    .   (no shield)
rNeg     . . .     Faith    .   b - +0 leather armour
rPois    .         Spirit   .   (no helmet)
rElec    .         Reflect  .   (no cloak)
rCorr    .         Harm     .   (no gloves)
MR       .....                  (no boots)
Stlth    ++........             (no amulet)
HPRegen  0.14/turn              n - ring of magical power
MPRegen  0.17/turn              (no ring)

@: infused
A: distributed training, fangs 1, strong nose
a: Curse Item, Renounce Religion


You were on level 2 of the Dungeon.
You worshipped Ashenzari.
Ashenzari was noncommittal.
You were near starving.

You visited 1 branch of the dungeon, and saw 2 of its levels.

You collected 124 gold pieces.

Inventory:

Hand Weapons
 a - a +0 falchion
 c - a +1 dagger of flaming
 j - a cursed +2 dagger of speed (weapon)
Armour
 b - a +0 leather armour (worn)
Jewellery
 n - a ring of magical power (left hand)
Scrolls
 e - a scroll of noise {unknown}
 f - 2 scrolls of identify {unknown}
 g - a scroll of teleportation {unknown}
 l - 2 scrolls of magic mapping {unknown}
 m - a scroll of enchant weapon {unknown}
 o - a scroll of remove curse
 p - a scroll of fear {unknown}
Potions
 h - a potion of brilliance {unknown}
 i - a potion of lignification {unknown}
 k - a potion of agility {unknown}
Comestibles
 d - 3 rations


   Skills:
 + Level 4.7 Fighting
 + Level 1.2 Short Blades
 + Level 4.7 Long Blades
 + Level 1.2 Axes
 + Level 1.2 Maces & Flails
 + Level 1.2 Polearms
 + Level 1.2 Staves
 + Level 1.2 Slings
 + Level 1.2 Bows
 + Level 1.2 Crossbows
 + Level 1.2 Throwing
 + Level 2.8 Armour
 + Level 4.7 Dodging
 + Level 1.2 Stealth
 + Level 1.2 Shields
 + Level 1.2 Unarmed Combat
 + Level 5.1 Spellcasting
 + Level 1.0 Conjurations
 + Level 1.0 Hexes
 + Level 5.5 Charms
 + Level 1.0 Summonings
 + Level 1.0 Necromancy
 + Level 1.0 Translocations
 + Level 1.0 Transmutations
 + Level 1.0 Fire Magic
 + Level 1.0 Ice Magic
 + Level 1.0 Air Magic
 + Level 1.0 Earth Magic
 + Level 1.0 Poison Magic
 + Level 1.4 Invocations
 + Level 1.2 Evocations


You had 13 spell levels left.
You knew the following spells:

 Your Spells              Type           Power        Failure   Level  Hunger
a - Infusion              Chrm           ###.         1%          1    None

Your spell library contained the following spells:

 Spells                   Type           Power        Failure   Level  Hunger
 Song of Slaying          Chrm           ###.....     3%          2    ##.....
 Shroud of Golubria       Chrm/Tloc      ##....       8%          2    ##.....
 Ozocubu's Armour         Chrm/Ice       ##......     16%         3    ###....
 Spectral Weapon          Hex/Chrm       ##......     16%         3    ###....


Dungeon Overview and Level Annotations

Branches:
Dungeon (2/15)

Altars:
Ashenzari
Trog
Xom


Innate Abilities, Weirdness & Mutations

Your experience applies equally to all skills.
You have very sharp teeth.
Your uncanny sense of smell can sniff out nearby items.


Message History

The worm bites you!
* * * LOW HITPOINT WARNING * * *
You hit the worm. You bite the worm.
The worm is heavily wounded.
You hit the worm!
The worm is heavily wounded.
You hit the worm. You bite the worm, but do no damage.
The worm is severely wounded.
The worm completely misses you.
You hit the worm. Your bite misses the worm.
The worm is almost dead.
You hit the worm!
You kill the worm!
You have reached level 5!
You barely miss the worm. The worm barely misses you.
You barely miss the worm. You hit the worm!
The worm is moderately wounded.
The worm bites you!
You die...

...# #....###....# ...#
######...##y##...# ...#
#...##....###....# ...#
##♣♣♣..##...r.......#
...#######......###.r.......##
...........♣♣♣..# ##..rw...##
.#........###.### #####.#########
.#.♣.♣....###..####r.##.###......
.♣.....♣........@wwr...........>.
..........####.######....##......
♣.......♣.# #..# #....##......
..........# ##.# #....##......
♣.......♣.#####.#####....##......
.(......##.........####.##♣♣♣♣♣..
#♣.....♣##....##.#+# #.# ♣♣P.♣♣.
##♣#♣## #....# ... #♣♣♣♣......
#....# ..... ♣♣.P.P.♣♣#


You could see 2 worms and 2 rats.

Vanquished Creatures
  A scorpion (D:2)
  An adder (D:2)
  2 worms (D:2)
  A dart slug (D:1)
  A leopard gecko (D:1)
  3 giant cockroaches (D:2)
  5 goblins (D:1)
  5 hobgoblins
  6 jackals
  A quokka (D:2)
  A ball python (D:2)
  10 bats
  2 frilled lizards
  9 kobolds
  A rat (D:2)
49 creatures vanquished.

Notes
Turn   | Place    | Note
-------+----------+-------------------------------------------
     0 | D:1      | Erk the Gnoll Skald began the quest for the Orb.
     0 | D:1      | Reached XP level 1. HP: 20/20 MP: 6/6
   162 | D:1      | Reached XP level 2. HP: 21/26 MP: 7/7
   722 | D:1      | Reached XP level 3. HP: 31/31 MP: 1/9
   731 | D:1      | Reached skill level 5 in Spellcasting
  1051 | D:2      | Reached skill level 1 in Invocations
  1122 | D:2      | Found a shattered altar of Ashenzari.
  1147 | D:2      | Reached skill level 1 in Short Blades
  1147 | D:2      | Reached skill level 1 in Axes
  1147 | D:2      | Reached skill level 1 in Maces & Flails
  1147 | D:2      | Reached skill level 1 in Polearms
  1147 | D:2      | Reached skill level 1 in Staves
  1147 | D:2      | Reached skill level 1 in Slings
  1147 | D:2      | Reached skill level 1 in Bows
  1147 | D:2      | Reached skill level 1 in Crossbows
  1147 | D:2      | Reached skill level 1 in Throwing
  1147 | D:2      | Reached skill level 1 in Stealth
  1147 | D:2      | Reached skill level 1 in Shields
  1147 | D:2      | Reached skill level 1 in Unarmed Combat
  1147 | D:2      | Reached skill level 1 in Evocations
  1155 | D:2      | Became a worshipper of Ashenzari the Shackled
  1169 | D:2      | Reached XP level 4. HP: 33/38 MP: 11/11
  1188 | D:2      | Found a shimmering altar of Xom.
  1257 | D:2      | Reached skill level 1 in Conjurations
  1257 | D:2      | Reached skill level 1 in Hexes
  1257 | D:2      | Reached skill level 1 in Summonings
  1257 | D:2      | Reached skill level 1 in Necromancy
  1257 | D:2      | Reached skill level 1 in Translocations
  1257 | D:2      | Reached skill level 1 in Transmutations
  1257 | D:2      | Reached skill level 1 in Fire Magic
  1257 | D:2      | Reached skill level 1 in Ice Magic
  1257 | D:2      | Reached skill level 1 in Air Magic
  1257 | D:2      | Reached skill level 1 in Earth Magic
  1257 | D:2      | Reached skill level 1 in Poison Magic
  1717 | D:2      | Noticed a moth of wrath
  1720 | D:2      | Found a bloodstained altar of Trog.
  1748 | D:2      | Reached XP level 5. HP: 9/43 MP: 11/12
  1752 | D:2      | Mangled by a worm

Levels and vault maps discovered:
D:1:      minmay_arrival_radiant_lines, layout_basic, minmay_crystal_water
D:2:      layout_basic, overflow_temple_1_default, xom_teletrap_fun,
          nicolae_overflow_crystal_walls, serial_forest,
          infiniplex_forest_straight_1, infiniplex_forest_clump_diagonal,
          infiniplex_forest_straight_1, infiniplex_forest_lined_ring,
          infiniplex_forest_end_3, infiniplex_forest_straight_4,
          infiniplex_forest_clump_long, infiniplex_forest_lined_3,
          infiniplex_forest_lined_room_2, infiniplex_forest_straight_2, tgw_trog

Skill      XL: |  1  2  3  4 |
---------------+-------------+-----
Spellcasting   | 5 |  5.1
Invocations    | 1 |  1.4
Short Blades   | 1 |  1.2
Axes           | 1 |  1.2
Maces & Flails | 1 |  1.2
Polearms       | 1 |  1.2
Staves         | 1 |  1.2
Slings         | 1 |  1.2
Bows           | 1 |  1.2
Crossbows      | 1 |  1.2
Throwing       | 1 |  1.2
Stealth        | 1 |  1.2
Shields        | 1 |  1.2
Unarmed Combat | 1 |  1.2
Evocations     | 1 |  1.2
Conjurations   | 1 |  1.0
Hexes          | 1 |  1.0
Summonings     | 1 |  1.0
Necromancy     | 1 |  1.0
Translocations | 1 |  1.0
Transmutations | 1 |  1.0
Fire Magic     | 1 |  1.0
Ice Magic      | 1 |  1.0
Air Magic      | 1 |  1.0
Earth Magic    | 1 |  1.0
Poison Magic   | 1 |  1.0
Fighting       | |  4.7
Long Blades    | |  4.7
Armour         | |  2.8
Dodging        | |  4.7
Charms         | |  5.5

Action                   |  1- 3 |  4- 6 || total
-------------------------+-------+-------++-------
Melee: Dagger            |   130 |    68 ||   198
       Falchion          |     7 |       ||     7
       Bite              |    10 |    11 ||    21
 Cast: Infusion          |     3 |     1 ||     4
Invok: Curse Item        |     1 |       ||     1
 Stab: Sleeping          |     1 |       ||     1
  Eat: Chunk             |       |     1 ||     1
Armor: Leather armour    |    17 |     7 ||    24
Dodge: Dodged            |    83 |    32 ||   115
       Rpst.: Falchion   |     1 |       ||     1

Table legend:
 A = Non-vault XP
 B = Vault XP
 C = Vault XP percentage of total XP
 D = Non-vault monster count
 E = Vault monster count
 F = Vault count percentage of total count
                 A         B        C        D         E       F
            +---------+---------+-------+---------+---------+-------
      Total |     163 |       5 |   3.0 |      48 |       1 |   2.0
            +---------+---------+-------+---------+---------+-------
        D:1 |      46 |       0 |   0.0 |      25 |       0 |   0.0
        D:2 |     117 |       5 |   4.1 |      23 |       1 |   4.2
            +---------+---------+-------+---------+---------+-------
